 Dungeon Crawl Stone Soup version 0.29.1-13-g9f3cf754e1 (webtiles) character file.

Game seed: 9034736883784282761

27 Hrothgar the Ducker (level 2, -2/12 HPs)
             Began as a Felid Venom Mage on Feb 8, 2023.
             Succumbed to an adder's poison
             ... on level 2 of the Dungeon.
             The game lasted 00:02:57 (1084 turns).

Hrothgar the Ducker (Felid Venom Mage)              Turns: 1084, Time: 00:02:58

Health: -2/12      AC:  1    Str:  4    XL:     2   Next: 93%
Magic:  4/6        EV: 17    Int: 16    God:
Gold:   11         SH:  0    Dex: 16    Spells: 2/5 levels left
                                        Lives:  0   Deaths: 0

rFire   . . .      SeeInvis +   (weapon unavailable)
rCold   . . .      Faith    .   (shield unavailable)
rNeg    . . .      Spirit   .   (body armour unavailable)
rPois   .          Reflect  .   (helmet unavailable)
rElec   .          Harm     .   (cloak unavailable)
rCorr   .          Rampage  .   (gloves unavailable)
Will    .....                   (boots unavailable)
Stlth   ++........              (no amulet)
HPRegen 0.04/turn               (no ring)
MPRegen 0.10/turn               (no ring)

@: lethally poisoned (-2 -> -16), quick
A: very small, claws 1, fangs 3, see invisible, speed 1, shaggy fur 1, stealthy
paws, no weapons or thrown items, no armour, multi-lived
a: no special abilities


You were on level 2 of the Dungeon.
You visited 1 branch of the dungeon, and saw 2 of its levels.

You collected 11 gold pieces.

Inventory:

Scrolls
 b - a scroll of torment
Potions
 c - a potion of attraction


   Skills:
 * Level 0.5 Fighting
 * Level 3.0 Dodging
 * Level 2.9 Stealth
 * Level 0.6 Unarmed Combat
 * Level 2.3 Spellcasting
 * Level 1.2 Transmutations
 * Level 3.0 Poison Magic


You had 2 spell levels left.
You knew the following spells:

 Your Spells              Type           Power      Damage    Failure   Level
a - Sting                 Tmut/Pois      32%        1d4       9%          1
b - Poisonous Vapours     Pois/Air       12%        N/A       16%         2

Your spell library contained the following spells:

 Spells                   Type           Power      Damage    Failure   Level
 Mephitic Cloud           Conj/Pois/Air  5%         N/A       36%         3
 Olgreb's Toxic Radiance  Pois           11%        N/A       50%         4


Dungeon Overview and Level Annotations

Branches:
Dungeon (2/15)

Altars:


Innate Abilities, Weirdness & Mutations

You have sharp claws.
You have razor-sharp teeth.
You have supernaturally acute eyesight. (SInv)
You cover ground quickly. (Speed+)
You are covered in fur. (AC +1)
Your paws help you pounce on unaware monsters.
You are incapable of wielding weapons or throwing items.
You cannot wear armour.
You gain extra lives every three experience levels.


Message History

Aiming: Sting (safe; 9% risk of failure)
Press: ? - help, Shift-Dir - straight line, f/p - adder
Aim: an adder (almost dead, poisoned, 48% to hit)
The sting misses the adder.
The adder misses you. The adder closely misses you.
Unknown command.
The adder attacks as you move away! The adder closely misses you.
You kill the adder!
The adder closely misses you.
Your Dodging skill increases to level 3!
Your Poison Magic skill increases to level 3!
The adder bites you but does no damage. The adder attacks as you move away!
The adder barely misses you.
The adder looks more healthy.
The adder attacks as you move away! The adder barely misses you.
Magic courses through your body. The adder misses you.
Your magical contamination has completely faded away.
Aiming: Poisonous Vapours (safe; 16% risk of failure)
Press: ? - help, Q - select action, (/) - cycle Dir - move target, f - adder
Aim: an adder (lightly wounded) Poisonous vapours surround the adder!
The adder is poisoned.
The adder barely misses you.
Unknown command.
Casting: Poisonous Vapours (safe; 16% risk of failure)
Confirm with . or Enter, or press ? or * to list all spells.
Aiming: Sting (safe; 9% risk of failure)
Press: ? - help, Shift-Dir - straight line, f/p - adder
Aim: an adder (moderately wounded, poisoned, 48% to hit)
The sting hits the adder but does no damage.
The adder looks even sicker.
The adder is moderately wounded.
The adder bites you.
* * * LOW HITPOINT WARNING * * *
You are lethally poisoned!
The adder poisons you! The adder bites you.
* * * LOW HITPOINT WARNING * * *
You are more poisoned.
The adder poisons you!
Okay, then.
The adder attacks as you move away! The adder barely misses you.
You die...

#.......##.......#
#...
####.#####.......#.
....# #...#
#........
###.###.......#
#.##........# #
#.##......>. .#..
#.##.###...##.....
#.##.##..#......<#
#.##@##....#######
##.##..S....#
#...####.####
#....[...#
#...###### #####


You could see an adder (very poisoned).

Vanquished Creatures
  An adder (D:2)
  3 ball pythons (D:1)
  An endoplasm (D:1)
  A giant cockroach (D:2)
  A goblin (D:1)
  3 hobgoblins
  A kobold (D:1)
  A quokka (D:1)
  2 bats
  2 frilled lizards (D:1)
  A rat (D:1)
17 creatures vanquished.

Notes
Turn   | Place    | Note
-------+----------+-------------------------------------------
     0 | D:1      | Hrothgar the Felid Venom Mage began the quest for the Orb.
     0 | D:1      | Reached XP level 1. HP: 7/7 MP: 4/4
   497 | D:1      | Reached XP level 2. HP: 6/12 MP: 0/6
   651 | D:1      | Learned a level 2 spell: Poisonous Vapours
  1084 | D:2      | Succumbed to an adder's poison

Illustrated notes

Levels and vault maps discovered:
D:1:      erik_arrival_triangle_small, layout_basic, dk_noncrumbling_4,
          hangedman_glass_teeth, nicolae_concentric_dashed_squares_mild,
          minmay_split_cup_small
D:2:      layout_loops_cross, kennysheep_generic_room_10

Skill      XL: |  1  2 |
---------------+-------+-----
Dodging        | 3 |  3.0
Poison Magic   | 3 |  3.0
Fighting       | |  0.5
Stealth        | |  2.9
Unarmed Combat | |  0.6
Spellcasting   | |  2.3
Transmutations | |  1.2

Action                   || total
-------------------------++-------
Melee: Unarmed           ||    11
       Bite              ||     2
 Cast: Sting             ||    19
       Poisonous Vapours ||     8
  Use: Scroll            ||     3
       Potion            ||     1
 Stab: Sleeping          ||     4
Armor: Skin              ||     3
Dodge: Dodged            ||    39
